 Dungeon Crawl Stone Soup version 0.31-a0-986-g5e6e4ef867 (webtiles) character file.

Game seed: 15473217078434661200

631 sammy202020 the Ruffian (level 7, -4/54 HPs)
             Began as a Demonspawn Shapeshifter on Nov 18, 2023.
             Was an Initiate of Gozag.
             Slain by a killer bee (8 damage)
             ... on level 5 of the Dungeon.
             The game lasted 00:05:22 (3550 turns).

sammy202020 the Ruffian (Demonspawn Shapeshifter)   Turns: 3550, Time: 00:05:23

Health: -4/54      AC:  9    Str: 17    XL:     7   Next: 24%
Magic:  7/7        EV:  8    Int: 11    God:    Gozag
Gold:   213        SH:  0    Dex: 14    Spells: 6/6 levels left

rFire   + .          .
                       - Unarmed
rCold   + . .        (no shield)
rNeg    . . .        g - +1 chain mail
rPois   +            (helmet currently unavailable)
rElec   +            (cloak currently unavailable)
rCorr   +            (gloves currently unavailable)
SInv    .            (boots currently unavailable)
Will    .....        (no amulet) Stlth
                     j - ring of resist corrosion
HPRegen 0.29/turn    (no ring)
MPRegen 0.10/turn

%: no passive effects
@: beast-form, resistant
A: beast (slay +2), thin skeletal structure 1, demonic guardian 1, powered by
death 1, demonic touch 2
a: Begin Untransformation, Renounce Religion, Potion Petition, Call Merchant,
Bribe Branch


You were on level 5 of the Dungeon.
You worshipped Gozag.
Gozag was aware of your devotion.
You were a hulking beast.
You visited 1 branch of the dungeon, and saw 5 of its levels.

You collected 284 gold pieces.
You paid 71 gold pieces to Gozag.

Inventory:

Armour
 a - a +0 animal skin
 g - a +1 chain mail (worn)
Jewellery
 j - a ring of resist corrosion (left hand)
Talismans
 c - a beast talisman
 d - a flux talisman
Scrolls
 e - a scroll of fear {unknown}
Potions
 b - 2 potions of lignification
 f - 2 potions of enlightenment
 h - a potion of curing
 i - a potion of brilliance


   Skills:
 * Level 4.0 Fighting
 + Level 2.2 Armour
 + Level 3.0 Dodging
 * Level 4.3 Unarmed Combat
 * Level 4.1 Shapeshifting


You had 6 spell levels left.
You didn't know any spells.
Your spell library contained the following spells:

 Spells                   Type           Power      Damage    Failure   Level
 Necrotise                Necr           0%         1d4       98%         1
 Sublimation of Blood     Necr           0%         N/A       99%         2
 Wereblood                Tmut           0%         N/A       99%         2
 Dazzling Flash           Conj/Hex       0%         N/A       100%        3
 Vampiric Draining        Necr           0%         2d6       100%        3
 Volatile Blastmotes      Fire/Tloc      0%         2d10      100%        3
 Agony                    Necr           0%         N/A       100%        5
 Starburst                Conj/Fire      0%         6d3       100%        6
 Summon Hydra             Summ           0%         N/A       100%        7
 Maxwell's Capacitive Co  Air            0%         ∞         100%        8


Dungeon Overview and Level Annotations

Branches:
Dungeon (5/15)
 Temple: D:4-7

Altars:
Cheibriados
Gozag
Okawaru
Vehumet

Annotations:
D:5 1 transporter, Persephone's ghost, amateur GrEE


Innate Abilities, Weirdness & Mutations

You are a hulking beast.
Your limbs bulge with bestial killing power. (Slay +2)
You have a somewhat thin skeletal structure. (Dex +2, Stealth+)
A weak demonic guardian rushes to your aid.
You regenerate a little health from kills.
Your touch may inflict irresistible damage on your foes.


Message History

The killer bee poisons you!
Your Fighting skill increases to level 4!
Unknown command.
You swap places.
You feel very sick. Something barely misses your iron imp.
Something stings your iron imp.
You feel sick.
Something stings your iron imp but does no damage.
Something stings your iron imp.
You feel sick. Something stings your iron imp.
Something barely misses your iron imp.
You feel sick. Something stings your iron imp.
Something closely misses your iron imp.
You feel sick.
Something stings your iron imp but does no damage.
Something stings your iron imp.
Your iron imp dies!
Your iron imp disappears in a puff of smoke!
Okay, then.
Unknown command.
You start resting.
You feel sick.
The killer bee stings you but does no damage.
You closely miss the killer bee.
You feel sick. The killer bee stings you.
* * * LOW HITPOINT WARNING * * *
A demonic guardian appears!
The killer bee barely misses you.
Unknown command.
You feel sick.
You are no longer poisoned.
The killer bee closely misses you.
You punch the killer bee!
The killer bee is severely wounded.
The killer bee stings you but does no damage.
The killer bee closely misses you.
You hit the killer bee but do no damage.
The killer bee is severely wounded.
The killer bee stings you.
* * * LOW HITPOINT WARNING * * *
Your shadow imp misses the killer bee.
The killer bee stings you!
You die...
Your body crumbles into a pile of gold.

.......# #####.###.###y###..#
###.#### #.##...#..y##..#
......########.####.#.#.##..#
.##.#.##.......##...#...##..#
.##.#.##.###.#.#.#.#.#y#y#..#
.##......# #.#.#..#...#.y#..#
.####.#### #..©#©5#.#.#.y#©.#
....#.# #.#.#.y#$W.#.y#.##
......# #.#.#h#§#.#.#$#.#
###.### #.#.##...#...##.#
.##.# #.#.####.#.####.# .##.#
#.#.##y..#yyy##.# ....#
#.#.###.###y###.# .####
#.#..#########..# .#
#.....###.###..## .#
###...........## ..
##......#####


You could see a killer bee (ally target) and a friendly shadow imp (summoned).

Vanquished Creatures
  An ogre (D:5)
  A phantom (D:5)
  A scorpion (D:5)
  2 killer bees (D:5)
  A hound (D:5)
  3 orc priests
  A mummy (D:5)
  4 gnolls (D:5)
  3 adders
  4 worms
  4 dart slugs
  8 orcs
  4 endoplasms
  8 giant cockroaches
  9 goblins
  4 hobgoblins
  3 jackals (D:3)
  7 kobolds
  2 quokkas (D:2)
  8 ball pythons
  4 bats
  5 frilled lizards
  7 rats
94 creatures vanquished.

Vanquished Creatures (collateral kills)
  An orc wizard (D:5)
  An orc (D:3)
  An endoplasm (D:1)
  A ball python (D:3)
4 creatures vanquished.

Grand Total: 98 creatures vanquished

Notes
Turn   | Place    | Note
-------+----------+-------------------------------------------
     0 | D:1      | sammy202020 the Demonspawn Shapeshifter began the quest for
                  | the Orb.
     0 | D:1      | Reached XP level 1. HP: 15/15 MP: 1/1
   123 | D:1      | Gained mutation: A weak demonic guardian rushes to your
                  | aid. [demonic ancestry]
   123 | D:1      | Reached XP level 2. HP: 21/21 MP: 2/2
   449 | D:1      | Gained mutation: Your touch may inflict minor irresistible
                  | damage on your foes. [demonic ancestry]
   449 | D:1      | Reached XP level 3. HP: 27/27 MP: 3/3
  1405 | D:2      | Gained mutation: You have a somewhat thin skeletal
                  | structure. (Dex +2, Stealth+) [demonic ancestry]
  1405 | D:2      | Reached XP level 4. HP: 33/33 MP: 4/4
  1806 | D:3      | Reached skill level 1 in Armour
  1922 | D:3      | Identified the +0 robe of Supple Strength {Harm}
  1950 | D:3      | Found a faded altar of an unknown god.
  2101 | D:3      | Gained mutation: You regenerate a little health from kills.
                  | [demonic ancestry]
  2101 | D:3      | Reached XP level 5. HP: 12/39 MP: 5/5
  2922 | D:4      | You fall into a shaft and drop 1 floor!
  2922 | D:5      | Entered Level 5 of the Dungeon
  2931 | D:5      | Noticed a phantom
  2932 | D:5      | Found an iron altar of Okawaru.
  2950 | D:5      | Killed a phantom
  2951 | D:5      | Reached XP level 6. HP: 37/47 MP: 6/6
  3071 | D:5      | Found an opulent altar of Gozag.
  3087 | D:5      | Became a worshipper of Gozag Ym Sagoz the Greedy
  3090 | D:5      | Found a radiant altar of Vehumet.
  3254 | D:5      | Gained mutation: Your touch may inflict irresistible damage
                  | on your foes. [demonic ancestry]
  3254 | D:5      | Reached XP level 7. HP: 28/53 MP: 7/7
  3255 | D:5      | Found a snail-covered altar of Cheibriados.
  3405 | D:5      | Noticed a hornet
  3410 | D:5      | Noticed Persephone's ghost (amateur GrEE)
  3419 | D:5      | Found a transporter.
  3424 | D:5      | Found a transporter.
  3550 | D:5      | Slain by a killer bee

Illustrated notes

Levels and vault maps discovered:
D:1:      onia_arrival_handbag, layout_rooms, serial_bayou_lagoon_a,
          minmay_pentomino_s2
D:2:      layout_loops_corners
D:3:      layout_rooms, basic_ecumenical_altar
D:4:      layout_loops_ring, yredelemnul_forgotten_temple_becter,
          nicolae_letterblocks [nicolae_letter_subblock,
          nicolae_letter_subblock, nicolae_letter_subblock,
          nicolae_letter_subblock, nicolae_letter_subblock,
          nicolae_letter_subblock, nicolae_letter_subblock,
          nicolae_letter_subblock, nicolae_letter_subblock,
          nicolae_letter_subblock, nicolae_letter_subblock,
          nicolae_letter_subblock, nicolae_letter_subblock,
          nicolae_letter_subblock, nicolae_letter_subblock,
          nicolae_letter_subblock, nicolae_letter_subblock,
          nicolae_letter_subblock, nicolae_letter_subblock,
          nicolae_letter_subblock, nicolae_letter_subblock,
          nicolae_letter_subblock, nicolae_letter_subblock,
          nicolae_letter_subblock, nicolae_letter_subblock]
D:5:      layout_loops_cross, slow_altar_2, mainiacjoe_overflow_large_starburst,
          kennysheep_okawaru_gauntlet, gammafunk_ghost_hive,
          small_statue_intersection

Skill      XL: |  1  2  3  4  5  6  7 |
---------------+----------------------+-----
Unarmed Combat | 3 4 |  4.3
Dodging        | 2 3 |  3.0
Shapeshifting  | 3 4 |  4.1
Fighting       | 2 3 4 |  4.0
Armour         | 1 2 |  2.2

Action                     |  1- 3 |  4- 6 |  7- 9 || total
---------------------------+-------+-------+-------++-------
  Melee: Unarmed           |   111 |   128 |    18 ||   257
         Touch             |     7 |    30 |     3 ||    40
         Punch             |     3 |     2 |     1 ||     6
    Use: Scroll            |       |     8 |       ||     8
         Potion            |       |       |     1 ||     1
   Stab: Sleeping          |     3 |     1 |       ||     4
 Armour: Animal skin       |    19 |       |       ||    19
         Leather armour    |    10 |       |       ||    10
         Ring mail         |    15 |    29 |       ||    44
         Chain mail        |       |    75 |    22 ||    97
  Dodge: Dodged            |    64 |    62 |     9 ||   135

Table legend: (Time is in decaauts)
 A = Elapsed time spent in this place.
 B = Non-inter-level travel time spent in this place.
 C = Inter-level travel time spent in this place.
 D = Time resting spent in this place.
 E = Time spent auto-exploring this place.
 F = Levels seen in this place.
 G = Mean time per level.
                   A        B        C        D        E       F      G
               +--------+--------+--------+--------+--------+-----+--------+
         Total |   3548 |   3433 |    115 |    703 |   2000 |   5 |  709.6 |
       Dungeon |   3548 |   3433 |    115 |    703 |   2000 |   5 |  709.6 |
               +--------+--------+--------+--------+--------+-----+--------+

Top non-repeatable levels by time:
     D:3: 1045 daAuts
     D:2: 982 daAuts
     D:1: 824 daAuts
     D:5: 622 daAuts
     D:4: 72 daAuts
